 Dungeon Crawl Stone Soup version 0.20.1-1-g8b1a95d (webtiles) character file.

143 SoberR the Skirmisher (level 5, -1/72 HPs)
             Began as a Minotaur Berserker on Sept 9, 2017.
             Was a Believer of Trog.
             Slain by an ogre
             ... wielding a +0 giant club
              (19 damage)
             ... on level 4 of the Dungeon.
             The game lasted 00:15:51 (1887 turns).

SoberR the Skirmisher (Minotaur Berserker)          Turns: 1887, Time: 00:15:51

Health: -1/72      AC:  5    Str: 26    XL:     5   Next: 4%
Magic:  4/4        EV: 11    Int:  5    God:    Trog [**....]
Gold:   165        SH:  0    Dex: 10    Spells: 4/4 levels left

rFire    . . .     SeeInvis .   a - +0 mace
rCold    . . .     Gourm    .   (no shield)
rNeg     . . .     Faith    .   i - +0 ring mail
rPois    .         Spirit   .   (helmet restricted)
rElec    .         Reflect  .   (no cloak)
rCorr    .         Harm     .   (no gloves)
MR       .....                  (no boots)
Stlth    ..........             (no amulet)
Regen    0.3/turn               (no ring)
MPRegen  0.1/turn               (no ring)

@: berserking, very quick
A: retaliatory headbutt, horns 2
a: Berserk, Trog's Hand, Burn Spellbooks, Renounce Religion


You were on level 4 of the Dungeon.
You worshipped Trog.
Trog was pleased with you.
You were very hungry.

You visited 1 branch of the dungeon, and saw 4 of its levels.

You collected 165 gold pieces.

Inventory:

Hand Weapons
 a - a +0 mace (weapon)
 r - a +0 hunting sling
Missiles
 m - 27 poisoned needles (quivered)
 o - 70 stones
Armour
 i - a +0 ring mail (worn)
Scrolls
 d - a scroll of identify {unknown}
 e - 2 scrolls of fear {unknown}
 f - a scroll of fog {unknown}
 k - a scroll of teleportation {unknown}
 t - 2 scrolls of enchant armour {unknown}
Potions
 b - a potion of lignification {unknown}
 g - a potion of agility {unknown}
 h - 3 potions of flight {unknown}
 n - a potion of invisibility {unknown}
 q - 2 potions of curing {unknown}
Comestibles
 c - 2 bread rations
 j - 5 fruits
 l - 4 meat rations
 p - a royal jelly
 s - 8 chunks of flesh


   Skills:
 * Level 5.5 Fighting
 * Level 5.5 Maces & Flails
 - Level 2.4 Armour
 - Level 2.1 Dodging


You had 4 spell levels left.
You didn't know any spells.

Dungeon Overview and Level Annotations

Branches:
Dungeon (4/15)
 Temple: D:4-7

Altars:
Xom


Innate Abilities, Weirdness & Mutations

You reflexively headbutt those who attack you in melee.
You have a pair of horns on your head.


Message History

The ogre is lightly wounded.
The ogre hits you with a giant club.
You sock the ogre! Your headbutt misses the ogre.
The ogre is heavily wounded.
You hit the ogre.
The ogre is severely wounded.
The ogre hits you with a giant club!!
Ouch! That really hurt!
You hit the ogre.
The ogre is severely wounded.
The ogre misses you.
You barely miss the ogre.
The ogre is severely wounded.
The ogre hits you with a giant club.
* * * LOW HITPOINT WARNING * * *
A red film seems to cover your vision as you go berserk!
You feel yourself moving faster!
You feel mighty!
You are feeling very hungry.
The ogre hits you with a giant club!!
You die...

####### #.....#
####.....#
.........#
#......##
###.?....=######
.......<........
....#.^.@..####
.........O...#
#...###..#.#.#
... ...#...# ..
###.# ### . ..#
###


You could see an ogre.

Vanquished Creatures
  An orc wizard (D:3)
  4 adders
  2 worms (D:2)
  3 dart slugs (D:1)
  4 orcs (D:3)
  10 bats
  6 giant cockroaches
  5 hobgoblins
  5 jackals
  A quokka (D:2)
  2 frilled lizards (D:2)
  4 goblins
  4 kobolds
  12 rats
63 creatures vanquished.

Notes
Turn   | Place    | Note
-------+----------+-------------------------------------------
     0 | D:1      | SoberR the Minotaur Berserker began the quest for the Orb.
     0 | D:1      | Reached XP level 1. HP: 19/19 MP: 0/0
   220 | D:1      | Reached XP level 2. HP: 24/27 MP: 1/1
   773 | D:1      | Reached XP level 3. HP: 34/34 MP: 2/2
  1051 | D:2      | Reached ** piety under Trog
  1114 | D:2      | Found a shimmering altar of Xom.
  1115 | D:2      | Found a shimmering altar of Xom.
  1192 | D:2      | Found a shimmering altar of Xom.
  1193 | D:2      | Found a shimmering altar of Xom.
  1206 | D:2      | You fall through a shaft!
  1331 | D:2      | Reached skill level 5 in Fighting
  1331 | D:2      | Reached XP level 4. HP: 39/42 MP: 3/3
  1334 | D:2      | Reached skill level 5 in Maces & Flails
  1807 | D:3      | Reached XP level 5. HP: 44/48 MP: 4/4
  1880 | D:4      | Noticed an ogre
  1887 | D:4      | Slain by an ogre

Skill      XL: |  1  2  3  4 |
---------------+-------------+-----
Fighting       | 4 5 |  5.5
Maces & Flails | 4 5 |  5.5
Armour         | |  2.4
Dodging        | |  2.1

Action                   |  1- 3 |  4- 6 || total
-------------------------+-------+-------++-------
Melee: Mace              |    91 |    48 ||   139
       Headbutt          |     9 |     5 ||    14
Invok: Berserk           |       |     1 ||     1
  Eat: Chunk             |     1 |     2 ||     3
Armor: Animal skin       |     5 |       ||     5
       Ring mail         |    27 |    27 ||    54
Dodge: Dodged            |    56 |    34 ||    90
